PAA
CASPER GHOSTS @ ATHLETIC CLUB KC ACADEMY
08/31/2022
 
TOP OF THE 1ST
Casper Ghosts batting - Pitching for Athletic Club KC Academy : RHP Jason Hamilton
Pitching: RHP Jason Hamilton
Batting: LHB Harrison Jones 0-0: Ball
1-0: Foul Ball, location: 2F
1-1: Ball
2-1: SINGLE (Line Drive, 34D)
Batting: SHB Alonso Rodríguez 0-0: Ball
1-0: Called Strike
1-1: Ball
2-1: SINGLE (Line Drive, 34)
Harrison Jones to second
Batting: RHB Lorenzo Díaz 0-0: Ball
1-0: Fly out, F9 (Flyball, 9M)
Runner from 2nd tags up, SAFE at 3rd with throw
Batting: RHB Phil Baker 0-0: 3-RUN HOME RUN (Flyball, 7D), Distance : 375 ft
Batting: SHB José Juárez 0-0: Swinging Strike
0-1: Foul Ball, location: 2F
0-2: Ball
1-2: Ball
2-2: Ball
3-2: Strikes out swinging
Batting: RHB Mark Davis 0-0: Ball
1-0: Ball
2-0: Fly out, F4 (Popup, 4D)
Top of the 1st over - 3 run(s), 3 hit(s), 0 error(s), 0 left on base; Casper 3 - Athletic Club KC Academy 0
BOTTOM OF THE 1ST
Athletic Club KC Academy batting - Pitching for Casper Ghosts : RHP Jeremy de Vos
Pitching: RHP Jeremy de Vos
Batting: SHB António Montés 0-0: Ball
1-0: Swinging Strike
1-1: Foul Ball, location: 2F
1-2: Ball
2-2: Fly out, F8 (Flyball, 8LS)
Batting: LHB Michael Landry 0-0: Ball
1-0: Called Strike
1-1: Ground out 4-3 (Groundball, 4)
Batting: RHB Allen Williams 0-0: Ball
1-0: Foul Ball, location: 2F
1-1: Ball
2-1: Fly out, F4 (Popup, 8RS)
Bottom of the 1st over - 0 run(s), 0 hit(s), 0 error(s), 0 left on base; Casper 3 - Athletic Club KC Academy 0
TOP OF THE 2ND
Casper Ghosts batting - Pitching for Athletic Club KC Academy : RHP Jason Hamilton
Batting: RHB Dave Young 0-0: Foul Ball, location: 2F
0-1: Foul Ball, location: 2F
0-2: Ground out 6-3 (Groundball, 6M)
Batting: RHB Juan García 0-0: Foul Ball, location: 2F
0-1: Ground out 6-3 (Groundball, 6)
Batting: RHB Warner Robinson 0-0: Ball
1-0: Called Strike
1-1: Ball
2-1: Swinging Strike
2-2: Fly out, F7 (Flyball, 7M)
Top of the 2nd over - 0 run(s), 0 hit(s), 0 error(s), 0 left on base; Casper 3 - Athletic Club KC Academy 0
BOTTOM OF THE 2ND
Athletic Club KC Academy batting - Pitching for Casper Ghosts : RHP Jeremy de Vos
Batting: RHB Dave Robertson 0-0: SINGLE (Flyball, 9S)
Batting: RHB Chris Teague 0-0: Grounds into double play, 1-6-3 (Groundball, 15)
Batting: RHB Geoff Rivers 0-0: Called Strike
0-1: Ball
1-1: Foul Ball, location: 2F
1-2: SINGLE (Popup, 4MD)
Batting: RHB Michael Walker 0-0: Called Strike
0-1: Swinging Strike
0-2: Ball
1-2: Hit by Pitch
Geoff Rivers to second
Batting: RHB Bob Curry 0-0: Ball
1-0: Ball
2-0: Called Strike
2-1: Ball
3-1: Foul Ball, location: 2F
3-2: Fly out, F8 (Flyball, 8RM)
Bottom of the 2nd over - 0 run(s), 2 hit(s), 0 error(s), 2 left on base; Casper 3 - Athletic Club KC Academy 0
TOP OF THE 3RD
Casper Ghosts batting - Pitching for Athletic Club KC Academy : RHP Jason Hamilton
Batting: LHB Harrison Jones 0-0: Ball
1-0: Called Strike
1-1: Foul Ball, location: 2F
1-2: Ball
2-2: Foul Ball, location: 2F
2-2: SINGLE (Line Drive, 8LS)
Batting: SHB Alonso Rodríguez 0-0: Called Strike
0-1: Ball
1-1: Fly out, F8 (Flyball, 8LM)
Batting: RHB Lorenzo Díaz 0-0: Foul Ball, location: 2F
0-1: Ball
1-1: Ball
2-1: Ball
3-1: Swinging Strike
3-2: Strikes out looking
Harrison Jones steals 2nd base
Batter strikes out.
Batting: RHB Phil Baker 0-0: Ball
1-0: Ball
2-0: Foul Ball, location: 2F
2-1: Swinging Strike
2-2: Foul Ball, location: 2F
2-2: Ball
3-2: Strikes out looking
Top of the 3rd over - 0 run(s), 1 hit(s), 0 error(s), 1 left on base; Casper 3 - Athletic Club KC Academy 0
BOTTOM OF THE 3RD
Athletic Club KC Academy batting - Pitching for Casper Ghosts : RHP Jeremy de Vos
Batting: RHB Larry Johnston 0-0: Ball
1-0: Ball
2-0: SINGLE (Groundball, 6M)
Batting: SHB António Montés 0-0: Called Strike
0-1: Ball
Wild Pitch!
Larry Johnston to second
1-1: Ball
2-1: Ball
3-1: Foul Ball, location: 2F
3-2: Foul Ball, location: 2F
3-2: Base on Balls
Batting: LHB Michael Landry 0-0: Ball
1-0: Swinging Strike
1-1: Grounds into double play, U4-3 (Groundball, 4)
Larry Johnston to third
Batting: RHB Allen Williams 0-0: Called Strike
0-1: DOUBLE (Flyball, 78D)
Larry Johnston scores
Batting: RHB Dave Robertson 0-0: Ball
1-0: Foul Ball, location: 2F
1-1: Foul Ball, location: 2F
1-2: Foul Ball, location: 2F
1-2: Foul Ball, location: 2F
1-2: Ball
2-2: Foul Ball, location: 2F
2-2: Strikes out swinging
Bottom of the 3rd over - 1 run(s), 2 hit(s), 0 error(s), 1 left on base; Casper 3 - Athletic Club KC Academy 1
TOP OF THE 4TH
Casper Ghosts batting - Pitching for Athletic Club KC Academy : RHP Jason Hamilton
Batting: SHB José Juárez 0-0: Ball
1-0: SINGLE (Line Drive, 56D)
Batting: RHB Mark Davis 0-0: Called Strike
0-1: Swinging Strike
0-2: Foul Ball, location: 2F
0-2: Ball
1-2: Hit by Pitch
José Juárez to second
Batting: RHB Dave Young 0-0: Swinging Strike
0-1: Fly out, F2 (Popup, 2LF)
Batting: RHB Juan García 0-0: Ball
1-0: Called Strike
1-1: Called Strike
1-2: Ball
2-2: Fly out, F9 (Flyball, 9M)
Batting: RHB Warner Robinson 0-0: Ball
1-0: Called Strike
1-1: SINGLE (Groundball, 34D)
José Juárez to third
Mark Davis to second
Runner from 3rd tries for Home, SAFE, no throw or cutoff
Pitching: RHP Alfonso Corona
Batting: LHB Harrison Jones 0-0: Called Strike
0-1: Foul Ball, location: 2F
0-2: SINGLE (Flyball, 7S)
Mark Davis to third
Warner Robinson to second
Runner from 3rd tries for Home, SAFE, no throw or cutoff
Batting: SHB Alonso Rodríguez 0-0: Ball
1-0: Foul Ball, location: 2F
1-1: DOUBLE (Groundball, 3L)
Warner Robinson scores
Harrison Jones to third
Batting: RHB Lorenzo Díaz 0-0: Ball
1-0: Called Strike
1-1: Ball
2-1: Ground out 4-3 (Groundball, 4)
Top of the 4th over - 3 run(s), 4 hit(s), 0 error(s), 2 left on base; Casper 6 - Athletic Club KC Academy 1
BOTTOM OF THE 4TH
Athletic Club KC Academy batting - Pitching for Casper Ghosts : RHP Jeremy de Vos
Batting: RHB Chris Teague 0-0: Ground out 5-3 (Groundball, 5S)
Batting: RHB Geoff Rivers 0-0: Called Strike
0-1: Ball
1-1: Swinging Strike
1-2: Ground out 2-3 (Groundball, 2R)
Batting: RHB Michael Walker 0-0: Swinging Strike
0-1: Ball
1-1: Bunt for hit - play at first, batter OUT! 1-3
Bottom of the 4th over - 0 run(s), 0 hit(s), 0 error(s), 0 left on base; Casper 6 - Athletic Club KC Academy 1
TOP OF THE 5TH
Casper Ghosts batting - Pitching for Athletic Club KC Academy : RHP Alfonso Corona
Batting: RHB Phil Baker 0-0: Ball
1-0: Foul Ball, location: 2F
1-1: Ball
2-1: Called Strike
2-2: Ball
3-2: Base on Balls
Batting: SHB José Juárez 0-0: Called Strike
0-1: Foul Ball, location: 2F
0-2: Ball
1-2: Ball
2-2: Ground out 5-3 (Groundball, 5S)
Phil Baker to second
Batting: RHB Mark Davis 0-0: Called Strike
0-1: Ball
1-1: Ball
2-1: Swinging Strike
2-2: Strikes out swinging
Batting: RHB Dave Young 0-0: Ball
1-0: Called Strike
1-1: Swinging Strike
1-2: Foul Ball, location: 2F
1-2: Strikes out looking
Top of the 5th over - 0 run(s), 0 hit(s), 0 error(s), 1 left on base; Casper 6 - Athletic Club KC Academy 1
BOTTOM OF THE 5TH
Athletic Club KC Academy batting - Pitching for Casper Ghosts : RHP Jeremy de Vos
Batting: RHB Bob Curry 0-0: Ball
1-0: Ball
2-0: Swinging Strike
2-1: Called Strike
2-2: Foul Ball, location: 2F
2-2: Foul Ball, location: 2F
2-2: Strikes out swinging
Batting: RHB Larry Johnston 0-0: Ball
1-0: Ball
2-0: Ball
3-0: Called Strike
3-1: Called Strike
3-2: Foul Ball, location: 2F
3-2: Foul Ball, location: 2F
3-2: Foul Ball, location: 2F
3-2: Foul Ball, location: 2F
3-2: Base on Balls
Batting: SHB António Montés 0-0: Called Strike
0-1: Called Strike
0-2: TRIPLE (Line Drive, 8RD)
Larry Johnston scores
Batting: LHB Michael Landry 0-0: Ball
1-0: Ball
2-0: Ball
3-0: Foul Ball, location: 2F
3-1: Base on Balls
Batting: RHB Allen Williams 0-0: Ball
1-0: Ball
2-0: Called Strike
2-1: Ball
3-1: Base on Balls
Michael Landry to second
Batting: RHB Dave Robertson 0-0: SINGLE (Line Drive, 56D)
António Montés scores
Michael Landry to third
Allen Williams to second
Batting: RHB Chris Teague 0-0: Fly out, F7 (Flyball, 78S)
Batting: RHB Geoff Rivers 0-0: Foul Ball, location: 2F
0-1: Foul Ball, location: 2F
0-2: Foul Ball, location: 2F
0-2: Strikes out swinging
Bottom of the 5th over - 2 run(s), 2 hit(s), 0 error(s), 3 left on base; Casper 6 - Athletic Club KC Academy 3
TOP OF THE 6TH
Casper Ghosts batting - Pitching for Athletic Club KC Academy : RHP Alfonso Corona
Batting: RHB Juan García 0-0: Called Strike
0-1: Fly out, F8 (Flyball, 8RM)
Batting: RHB Warner Robinson 0-0: Ball
1-0: Called Strike
1-1: Ball
2-1: Ball
3-1: Base on Balls
Batting: LHB Harrison Jones 0-0: Foul Ball, location: 2F
0-1: Fielders Choice at 2nd, 3-6 (Groundball, 3)
Batting: SHB Alonso Rodríguez 0-0: Ball
Harrison Jones steals 2nd base
1-0: Foul Ball, location: 2F
1-1: Ball
2-1: Ball
3-1: Foul Ball, location: 2F
3-2: Base on Balls
Batting: RHB Lorenzo Díaz 0-0: Ball
1-0: Called Strike
1-1: Ball
2-1: Foul Ball, location: 2F
2-2: Hit by Pitch
Harrison Jones to third
Alonso Rodríguez to second
Pitching: RHP Juan Herrera
Batting: RHB Phil Baker 0-0: Ball
1-0: Ball
2-0: Ball
3-0: Base on Balls
Harrison Jones scores
Alonso Rodríguez to third
Lorenzo Díaz to second
Batting: SHB José Juárez 0-0: Foul Ball, location: 2F
0-1: Swinging Strike
0-2: Strikes out swinging
Top of the 6th over - 1 run(s), 0 hit(s), 0 error(s), 3 left on base; Casper 7 - Athletic Club KC Academy 3
BOTTOM OF THE 6TH
Athletic Club KC Academy batting - Pitching for Casper Ghosts : RHP Jeremy de Vos
Batting: RHB Michael Walker 0-0: Called Strike
0-1: Bunt missed!
0-2: Foul Ball, location: 2F
0-2: Ball
1-2: Strikes out swinging
Batting: RHB Bob Curry 0-0: Ball
1-0: SINGLE (Flyball, 78S)
Batting: RHB Larry Johnston 0-0: Called Strike
0-1: Called Strike
0-2: Ball
1-2: SINGLE (Groundball, 6M)
Bob Curry to second
Pitching: RHP Ethan Martin
Batting: SHB António Montés 0-0: Ball
1-0: Ball
Bob Curry steals 3rd base
Larry Johnston to second
2-0: Ball
3-0: Called Strike
3-1: Base on Balls
Pitching: RHP Álex López
Batting: LHB Michael Landry 0-0: Called Strike
0-1: Ball
1-1: Fly out, F8 (Flyball, 8RM)
Runner from 3rd tags up, SCORES, no throw
Batting: RHB Allen Williams 0-0: Ball
1-0: Ground out 6-3 (Groundball, 6)
Bottom of the 6th over - 1 run(s), 2 hit(s), 0 error(s), 2 left on base; Casper 7 - Athletic Club KC Academy 4
TOP OF THE 7TH
Casper Ghosts batting - Pitching for Athletic Club KC Academy : RHP Juan Herrera
Batting: RHB Mark Davis 0-0: Called Strike
0-1: Foul Ball, location: 2F
0-2: Fly out, F9 (Flyball, 9M)
Batting: RHB Dave Young 0-0: Ball
1-0: Called Strike
1-1: Ball
2-1: Swinging Strike
2-2: Strikes out swinging
Batting: RHB Juan García 0-0: Called Strike
0-1: Ball
1-1: Ball
2-1: Swinging Strike
2-2: Reached on error, E6 (Groundball, 6)
Batting: RHB Warner Robinson 0-0: SINGLE (Groundball, 4MD)
Juan García to second
Batting: LHB Harrison Jones 0-0: Ball
1-0: Ball
2-0: Swinging Strike
2-1: Called Strike
2-2: Strikes out swinging
Top of the 7th over - 0 run(s), 1 hit(s), 1 error(s), 2 left on base; Casper 7 - Athletic Club KC Academy 4
BOTTOM OF THE 7TH
Athletic Club KC Academy batting - Pitching for Casper Ghosts : RHP Álex López
Batting: RHB Dave Robertson 0-0: Swinging Strike
0-1: Ball
1-1: Ball
2-1: Ball
3-1: Foul Ball, location: 2F
3-2: Base on Balls
Batting: RHB Chris Teague 0-0: Ball
Passed Ball!
Dave Robertson to second
1-0: Ball
2-0: Ground out 1-3 (Groundball, 13S)
Dave Robertson to third
Batting: RHB Geoff Rivers 0-0: Ball
1-0: Ball
2-0: Ground out 4-3 (Groundball, 4)
Dave Robertson scores
Batting: RHB Michael Walker 0-0: Called Strike
0-1: Ball
1-1: Foul Ball, location: 2F
1-2: Strikes out swinging, 2-3 out at first.
Bottom of the 7th over - 1 run(s), 0 hit(s), 0 error(s), 0 left on base; Casper 7 - Athletic Club KC Academy 5
TOP OF THE 8TH
Casper Ghosts batting - Pitching for Athletic Club KC Academy : RHP Juan Herrera
Batting: SHB Alonso Rodríguez 0-0: Ball
1-0: Ball
2-0: Called Strike
2-1: SINGLE (Groundball, 34D)
Batting: RHB Lorenzo Díaz 0-0: Ball
1-0: Ball
2-0: Called Strike
2-1: Ball
3-1: Foul Ball, location: 2F
3-2: Strikes out swinging
Batting: RHB Phil Baker 0-0: Swinging Strike
0-1: Foul Ball, location: 2F
0-2: Foul Ball, location: 2F
0-2: Ball
1-2: Ball
2-2: Fly out, F7 (Flyball, 78M)
Batting: SHB José Juárez 0-0: Ball
1-0: Fly out, F8 (Flyball, 8RM)
Top of the 8th over - 0 run(s), 1 hit(s), 0 error(s), 1 left on base; Casper 7 - Athletic Club KC Academy 5
BOTTOM OF THE 8TH
Athletic Club KC Academy batting - Pitching for Casper Ghosts : RHP Álex López
Batting: RHB Bob Curry 0-0: Called Strike
0-1: Swinging Strike
0-2: Ball
1-2: Ball
2-2: Ball
3-2: Ground out 4-3 (Groundball, 4M)
Batting: RHB Larry Johnston 0-0: Swinging Strike
0-1: Ball
1-1: Fly out, F8 (Flyball, 8LM)
Batting: SHB António Montés 0-0: Swinging Strike
0-1: Ball
1-1: Ball
2-1: Foul Ball, location: 2F
2-2: Fly out, F7 (Flyball, 7LM)
Bottom of the 8th over - 0 run(s), 0 hit(s), 0 error(s), 0 left on base; Casper 7 - Athletic Club KC Academy 5
TOP OF THE 9TH
Casper Ghosts batting - Pitching for Athletic Club KC Academy : RHP Juan Herrera
Pitching: LHP António Silva
Batting: RHB Mark Davis 0-0: Called Strike
0-1: Ball
1-1: Swinging Strike
1-2: Ball
2-2: Foul Ball, location: 2F
2-2: Ball
3-2: Foul Ball, location: 2F
3-2: Ground out 6-3 (Groundball, 6)
Batting: RHB Dave Young 0-0: Ground out 6-3 (Groundball, 6M)
Batting: RHB Juan García 0-0: Ball
1-0: Ball
2-0: Called Strike
2-1: Fly out, F9 (Flyball, 9M)
Top of the 9th over - 0 run(s), 0 hit(s), 0 error(s), 0 left on base; Casper 7 - Athletic Club KC Academy 5
BOTTOM OF THE 9TH
Athletic Club KC Academy batting - Pitching for Casper Ghosts : RHP Álex López
Pitching: RHP Carlos González
Batting: LHB Michael Landry 0-0: Ball
1-0: Swinging Strike
1-1: Foul Ball, location: 2F
1-2: Foul Ball, location: 2F
1-2: Foul Ball, location: 2F
1-2: Ball
2-2: Foul Ball, location: 2F
2-2: Foul Ball, location: 2F
2-2: DOUBLE (Groundball, 3L)
Batting: RHB Allen Williams 0-0: Ball
1-0: Foul Ball, location: 2F
1-1: Called Strike
1-2: Ball
2-2: Foul Ball, location: 2F
2-2: SINGLE (Line Drive, 7LS)
Michael Landry to third
Batting: RHB Dave Robertson 0-0: Ball
1-0: Ball
2-0: Ball
3-0: Called Strike
3-1: Fly out, F8 (Flyball, 8RM)
Runner from 3rd tags up, OUT at HOME
Allen Williams to second
Pinch Hitting: LHB Ed Hammond 0-0: Ball
1-0: Foul Ball, location: 2F
Error on foul ball, E9
1-2: Ball
2-2: Ball
3-2: Base on Balls
Pinch Runner at 2nd Frank Church:
Pinch Hitting: RHB John Williams 0-0: SINGLE (Flyball, 4MD)
Frank Church to third
Ed Hammond to second
Runner from 3rd tries for Home, SAFE, no throw or cutoff
Pinch Hitting: LHB José Durán 0-0: Ball
1-0: Ball
2-0: Foul Ball, location: 2F
2-1: Ball
3-1: Ground out U3 (Groundball, 3S)
Bottom of the 9th over - 1 run(s), 3 hit(s), 1 error(s), 2 left on base; Casper 7 - Athletic Club KC Academy 6
This league is powered by Out of the Park Baseball, the baseball management simulation game for PC, Mac and Linux
Friday, April 15th, 2016 - OOTP Baseball 16.9 Build 39